 Dungeon Crawl Stone Soup version 0.30-a0-451-ge042605de7 (webtiles) character file.

Game seed: 8927743200324033754

270 cforsyth the Chopper (level 6, -1/55 HPs)
             Began as a Minotaur Berserker on Dec 11, 2022.
             Was a Priest of Trog.
             Splashed by a jelly's acid (5 damage)
             ... on level 4 of the Dungeon.
             The game lasted 00:06:33 (2974 turns).

cforsyth the Chopper (Minotaur Berserker)           Turns: 2974, Time: 00:06:34

Health: -1/55      AC: -10   Str: 24    XL:     6   Next: 1%
Magic:  5/5        EV:  7    Int:  4    God:    Trog [***...]
Gold:   186        SH: 10    Dex:  9    Spells: 5/5 levels left

rFire   . . .      SeeInvis .    a - +0 hand axe
rCold   . . .      Faith    .    e - +0 tower shield
rNeg    . . .      Spirit   .    k - +0 scale mail
rPois   .          Reflect  .    (helmet restricted)
rElec   .          Harm     .    l - +0 cloak
rCorr   .          Rampage  .    (no gloves)
Will    .....                    m - +0 pair of boots
Stlth   ..........               (no amulet)
HPRegen 0.29/turn                (no ring)
MPRegen 0.09/turn                (no ring)

@: corroded
A: horns 2, retaliatory headbutt
a: Renounce Religion, Berserk, Trog's Hand


You were on level 4 of the Dungeon.
You worshipped Trog.
Trog was most pleased with you.
You visited 1 branch of the dungeon, and saw 4 of its levels.

You collected 186 gold pieces.

Inventory:

Hand Weapons
 a - a +0 hand axe (weapon)
Armour
 b - a +0 animal skin
 e - a +0 tower shield (worn)
 k - a +0 scale mail (worn)
 l - a +0 cloak (worn)
 m - a +0 pair of boots (worn)
Scrolls
 c - 2 scrolls of identify {unknown}
 d - 2 scrolls of blinking {unknown}
 g - a scroll of enchant armour {unknown}
 i - a scroll of brand weapon {unknown}
 j - a scroll of silence {unknown}
 n - 2 scrolls of butterflies {unknown}
Potions
 f - a potion of curing {unknown}
 h - a potion of resistance {unknown}
 o - a potion of attraction {unknown}


   Skills:
 + Level 4.8 Fighting
 + Level 5.0 Axes
 + Level 4.1 Armour
 + Level 3.7 Dodging
 + Level 2.3 Shields


You had 5 spell levels left.
You didn't know any spells.
Your spell library was empty.

Dungeon Overview and Level Annotations

Branches:
Dungeon (4/15)
 Temple: D:4-7

Altars:

Shops:
D:1 =   D:2 [


Innate Abilities, Weirdness & Mutations

You have a pair of horns on your head.
You reflexively headbutt those who attack you in melee.


Message History

You headbutt the adder!
The adder is severely wounded.
The adder bites you. You block the adder's attack.
You hit the adder.
You kill the adder!
Trog accepts your kill.
Your Axes skill increases to level 5!
You have reached level 6!
You see here an adder corpse.
You block the jelly's attack.
You hit the jelly. The acid corrodes you!
Your hands burn!
The jelly is lightly wounded.
The jelly hits you but does no damage. The jelly barely misses you.
You are too injured to fight recklessly!
You are too injured to fight recklessly!
You are too injured to fight recklessly!
You are too injured to fight recklessly!
You hit the jelly but do no damage. The acid corrodes you!
Your hands burn!
You headbutt the jelly, but do no damage.
The jelly is lightly wounded.
You block the jelly's attack.
You hit the jelly but do no damage. The acid corrodes you!
Your hands burn!
You headbutt the jelly, but do no damage.
The jelly is lightly wounded.
The jelly hits you. The acid corrodes you!
You are splashed with acid!
You barely miss the jelly.
You headbutt the jelly, but do no damage.
The jelly is lightly wounded.
The jelly hits you.
You are splashed with acid!
The jelly hits you.
You are splashed with acid.
* * * LOW HITPOINT WARNING * * *
You hit the jelly but do no damage. The acid corrodes you!
Your hands burn!
* * * LOW HITPOINT WARNING * * *
The jelly is lightly wounded.
The jelly hits you.
* * * LOW HITPOINT WARNING * * *
The acid corrodes you!
You are splashed with acid.
* * * LOW HITPOINT WARNING * * *
You hit the jelly but do no damage.
Your hands burn!
You die...

... . .. .. .. ### #
.###. #.. . ..[.
##.###.# #####..####
#....#.## .......J..#
#....... ......>@..#
#....##.#
.......†..######..<....#
..................##.###
......................#
=................###..#
...###+#.........'....#
... #.#.........####.#
.. #........##......#
###......##########


You could see a jelly.

Vanquished Creatures
  Natasha (thrice) (D:2)
  A howler monkey skeleton (D:3)
  7 adders
  3 gnolls (D:2)
  An adder zombie (D:3)
  3 worms
  An adder skeleton (D:3)
  A dart slug (D:1)
  3 orcs
  3 ball pythons
  5 bats
  8 endoplasms
  3 giant cockroaches
  2 goblins
  6 hobgoblins
  7 jackals
  6 kobolds
  5 quokkas
  A ball python skeleton (D:3)
  3 frilled lizards
  5 rats
77 creatures vanquished.

Vanquished Creatures (others)
  A withered plant (D:3)
1 creature vanquished.

Grand Total: 78 creatures vanquished

Notes
Turn   | Place    | Note
-------+----------+-------------------------------------------
     0 | D:1      | cforsyth the Minotaur Berserker began the quest for the
                  | Orb.
     0 | D:1      | Reached XP level 1. HP: 19/19 MP: 0/0
   152 | D:1      | Found Aduka's Jewellery Shoppe.
   156 | D:1      | Reached XP level 2. HP: 27/27 MP: 1/1
   347 | D:1      | Reached skill level 4 in Axes
   552 | D:1      | Found a faded altar of an unknown god.
   569 | D:1      | Reached XP level 3. HP: 33/33 MP: 2/2
   856 | D:2      | Found Niozunko's Antique Armour Shop.
   871 | D:2      | Reached ** piety under Trog
  1092 | D:2      | Noticed Natasha
  1097 | D:2      | Killed Natasha
  1098 | D:2      | Reached XP level 4. HP: 30/40 MP: 3/3
  1140 | D:2      | Noticed Natasha
  1147 | D:2      | Killed Natasha
  1148 | D:2      | Reached skill level 1 in Shields
  1313 | D:2      | Noticed Natasha
  1321 | D:2      | Killed Natasha
  1322 | D:2      | Reached XP level 5. HP: 30/47 MP: 4/4
  2117 | D:3      | Reached *** piety under Trog
  2967 | D:4      | Reached skill level 5 in Axes
  2967 | D:4      | Reached XP level 6. HP: 53/55 MP: 5/5
  2974 | D:4      | Splashed by a jelly's acid

Illustrated notes

Levels and vault maps discovered:
D:1:      dpeg_arrival_shelter, layout_loops_ring,
          ebering_ecumenical_altar_abandoned, serial_shops, shop,
          minmay_misc_feat_plants
D:2:      layout_basic, serial_shops, nicolae_shop_hallway_plus, uniq_natasha
D:3:      layout_basic, serial_undead, serial_undead_b, serial_undead_b,
          serial_undead_f, serial_undead_d
D:4:      layout_basic, nicolae_wu_jian_wuxing_cycle

Skill      XL: |  1  2  3  4  5 |
---------------+----------------+-----
Fighting       | 4 |  4.8
Axes           | 4 5 |  5.0
Armour         | 3 4 |  4.1
Dodging        | 3 |  3.7
Shields        | 1 2 |  2.3

Action                   |  1- 3 |  4- 6 || total
-------------------------+-------+-------++-------
Melee: Hand axe          |    64 |   131 ||   195
       Headbutt          |     9 |    18 ||    27
Invok: Berserk           |       |     1 ||     1
Armor: Animal skin       |     8 |     9 ||    17
       Scale mail        |       |    28 ||    28
Dodge: Dodged            |    31 |    36 ||    67
Block: Tower shield      |     9 |    83 ||    92

Table legend: (Time is in decaauts)
 A = Elapsed time spent in this place.
 B = Non-inter-level travel time spent in this place.
 C = Inter-level travel time spent in this place.
 D = Time resting spent in this place.
 E = Time spent auto-exploring this place.
 F = Levels seen in this place.
 G = Mean time per level.
                   A        B        C        D        E       F      G
               +--------+--------+--------+--------+--------+-----+--------+
         Total |   3081 |   3048 |     33 |     47 |   2413 |   4 |  770.2 |
       Dungeon |   3081 |   3048 |     33 |     47 |   2413 |   4 |  770.2 |
               +--------+--------+--------+--------+--------+-----+--------+

Top non-repeatable levels by time:
     D:2: 1202 daAuts
     D:3: 944 daAuts
     D:1: 810 daAuts
     D:4: 123 daAuts
